 Dungeon Crawl Stone Soup version 0.22-a0-423-g4197694 (webtiles) character file.

6313 Tovarisch the Destroyer (level 10, 0/57 (58) HPs)
             Began as a Deep Elf Wizard on May 23, 2018.
             Was a Believer of Vehumet.
             Slain by a hippogriff (2 damage)
             ... on level 9 of the Dungeon.
             The game lasted 00:38:19 (14860 turns).

Tovarisch the Destroyer (Deep Elf Wizard)          Turns: 14860, Time: 00:38:19

HP:   0/57 (58)     AC:  7    Str:  5    XL:     10   Next: 64%
MP:   6/33          EV: 16    Int: 26    God:    Vehumet [**....]
Gold: 692           SH:  6    Dex: 13    Spells: 16/25 levels left

rFire    . . .     SeeInvis .   f - +2 dagger (venom)
rCold    . . .     Gourm    .   D - +0 buckler
rNeg     . . .     Faith    .   z - +2 robe {MR+}
rPois    .         Spirit   .   h - +0 helmet
rElec    .         Reflect  +   e - +1 cloak
rCorr    +         Harm     .   (no gloves)
MR       ++...                  (no boots)
Stlth    ++........             C - +2 amulet of reflection
HPRegen  0.19/turn              y - ring of resist corrosion
MPRegen  0.23/turn              G - ring of magical power

@: very slightly contaminated
A: no striking features
a: Renounce Religion


You were on level 9 of the Dungeon.
You worshipped Vehumet.
Vehumet was pleased with you.
You were very hungry.

You visited 2 branches of the dungeon, and saw 10 of its levels.

You collected 732 gold pieces.
You spent 40 gold pieces at shops.

Inventory:

Hand Weapons
 c - a +0 whip
 f - a +2 dagger of venom (weapon)
Missiles
 p - 12 javelins (quivered)
Armour
 a - a +0 ring mail of fire resistance
 e - a +1 cloak (worn)
 h - a +0 helmet (worn)
 z - a +2 robe of magic resistance (worn)
 D - a +0 buckler (worn)
Jewellery
 n - an uncursed ring of wizardry
 o - an uncursed ring of ice
 s - an uncursed ring of fire
 y - a ring of resist corrosion (left hand)
 B - an uncursed ring of see invisible
 C - a +2 amulet of reflection (around neck)
 G - a ring of magical power (right hand)
 I - an uncursed ring of poison resistance {unknown}
Wands
 F - a wand of acid (10)
 J - a wand of random effects (34)
Scrolls
 b - 2 scrolls of identify
 i - 4 scrolls of teleportation
 j - 5 scrolls of blinking
 l - 2 scrolls of magic mapping
 q - a scroll of amnesia
 r - 2 scrolls of fear
 t - 4 scrolls of remove curse
 w - 2 scrolls of brand weapon
 x - a scroll of immolation
 A - 4 scrolls of enchant weapon
Potions
 g - a potion of brilliance {unknown}
 k - 3 potions of lignification
 m - a potion of ambrosia
 u - 2 potions of agility
 v - a potion of berserk rage
 E - a potion of curing
 H - 2 potions of might {unknown}
Comestibles
 d - 14 rations


   Skills:
 - Level 4.6 Fighting
 - Level 7.3 Dodging
 - Level 2.4 Stealth
 + Level 2.5 Shields
 - Level 8.1 Spellcasting
 - Level 8.3 Conjurations
   Level 1.1 Summonings
 - Level 4.2 Translocations
 - Level 3.5 Fire Magic
 - Level 5.8 Air Magic
 - Level 6.4 Poison Magic


You had 16 spell levels left.
You knew the following spells:

 Your Spells              Type           Power        Failure   Level  Hunger
a - Magic Dart            Conj           ####         1%          1    None
b - Mephitic Cloud        Conj/Pois/Air  #####...     1%          3    None
f - Conjure Flame         Conj/Fire      #####...     1%          3    None
g - Blink                 Tloc           N/A          1%          2    None

Your spell library contained the following spells:

 Spells                   Type           Power        Failure   Level  Hunger
 Slow                     Hex            ##......     10%         2    None
 Call Imp                 Summ           ###.....     6%          2    None


Dungeon Overview and Level Annotations

Branches:
Dungeon (9/15)             Temple (1/1) D:5            Lair (0/6) D:9
    Orc: D:9-12

Altars:
Ashenzari
Cheibriados
Dithmenos
Elyvilon
Fedhas
Gozag
Hepliaklqana
Kikubaaqudgha
Makhleb
Okawaru
Qazlal
Ru
Sif Muna
Trog
Uskayaw
Vehumet
Wu Jian
Xom
Zin
The Shining One

Shops:
D:4 :   D:7 ?   D:8 [


Message History

Confirm with . or Enter, or press ? or * to list all spells.
Aiming: Magic Dart (safe; 1% risk of failure)
Press: ? - help, Shift-Dir - straight line, f/p - crocodile
Aim: a crocodile (moderately wounded)
You miscast Magic Dart.
You are very lightly contaminated with residual magic.
Nothing appears to happen.
The elephant tramples you but does no damage.
The elephant misses you. You block the crocodile's attack.
Casting: Magic Dart (safe; 1% risk of failure)
Confirm with . or Enter, or press ? or * to list all spells.
Aiming: Magic Dart (safe; 1% risk of failure)
Press: ? - help, Shift-Dir - straight line, f/p - crocodile
Aim: a crocodile (moderately wounded)
The magic dart hits the crocodile.
The crocodile is moderately wounded.
The elephant closely misses you.
The elephant trunk-slaps you but does no damage.
You block the hippogriff's attack. The hippogriff pecks you.
You die...

....## ######
.....#####........>#
......#....#.......#
....#..............#
...................#####
.................../....
.....................#
##...<...........H..# .
##..............@Y..# ...
.................t..##.....
...........................
...................#.......
...................#.....>.
########+#####.....##......
.#.# #.....# .....[ ...#
#.....# #..... ...# #..#.##
.....


You could see an elephant, a hippogriff and a crocodile.

Vanquished Creatures
  A two-headed ogre (D:8)
  A troll (D:9)
  Grinder (D:4)
  A hippogriff (D:7)
  Sigmund (D:5)
  A shadow (D:9)
  A steam dragon (D:6)
  Grum (D:8)
  A hungry ghost (D:9)
  A water moccasin (D:7)
  2 acid dragons (D:9)
  An ice beast (D:9)
  2 sky beasts
  A black bear (D:3)
  2 necrophages
  2 orc warriors
  6 phantoms
  An eye of draining (D:9)
  2 wolves (D:8)
  6 ogres
  2 centaurs
  4 bullfrogs
  2 water moccasin zombies
  3 scorpions
  3 electric eels (D:8)
  A howler monkey (D:6)
  2 crimson imps
  A centaur zombie (D:9)
  8 hounds
  A centaur skeleton (D:9)
  3 jellies
  4 orc priests
  7 orc wizards
  Crazy Yiuf (D:3)
  7 worker ants
  2 hound skeletons
  A worker ant zombie (D:8)
  5 gnolls
  12 adders
  3 shadow imps
  An ooze (D:6)
  2 adder skeletons
  3 adder zombies
  3 worms
  4 dart slugs
  5 leopard geckos
  27 orcs
  5 giant cockroaches
  8 goblins
  7 hobgoblins
  4 jackals
  3 quokkas
  8 bats
  6 frilled lizards
  A giant cockroach zombie (D:6)
  4 kobolds
  A leopard gecko skeleton (D:4)
  A quokka skeleton (D:4)
  4 rats
204 creatures vanquished.

Vanquished Creatures (others)
  A vampire (D:9)
  4 plants (D:8)
5 creatures vanquished.

Grand Total: 209 creatures vanquished

Notes
Turn   | Place    | Note
-------+----------+-------------------------------------------
     0 | D:1      | Tovarisch the Deep Elf Wizard began the quest for the Orb.
     0 | D:1      | Reached XP level 1. HP: 10/10 MP: 7/7
   300 | D:1      | Reached XP level 2. HP: 15/15 MP: 7/9
   380 | D:1      | Reached skill level 5 in Spellcasting
   746 | D:1      | Reached XP level 3. HP: 14/19 MP: 6/11
   915 | D:1      | Found a deep blue altar of Sif Muna.
   967 | D:1      | Found a shimmering altar of Xom.
   967 | D:1      | Found a snail-covered altar of Cheibriados.
   969 | D:1      | Found a glowing silver altar of Zin.
   969 | D:1      | Found an ancient bone altar of Kikubaaqudgha.
   969 | D:1      | Found a hide-covered altar of Uskayaw.
  1417 | D:2      | Found a hazy altar of Hepliaklqana.
  1461 | D:2      | Learned a level 3 spell: Mephitic Cloud
  1465 | D:2      | Learned a level 3 spell: Conjure Flame
  1843 | D:2      | Reached skill level 1 in Fire Magic
  1964 | D:2      | Noticed a scorpion
  2082 | D:1      | Learned a level 2 spell: Blink
  2236 | D:3      | Reached XP level 4. HP: 22/24 MP: 2/13
  2239 | D:3      | Noticed a black bear
  3019 | D:3      | Reached XP level 5. HP: 28/28 MP: 5/14
  3130 | D:3      | Killed a black bear
  3457 | D:3      | Found a runed door.
  3503 | D:3      | Reached XP level 6. HP: 32/32 MP: 10/16
  3697 | D:3      | Reached skill level 5 in Conjurations
  4128 | D:3      | Noticed Crazy Yiuf
  4133 | D:3      | Killed Crazy Yiuf
  4177 | D:2      | Found a shimmering altar of Xom.
  4414 | D:4      | Found Gout's Book Shop.
  4640 | D:4      | Reached XP level 7. HP: 36/36 MP: 10/20
  4806 | D:4      | Noticed Grinder
  5105 | D:4      | Killed Grinder
  5434 | D:4      | Found an opulent altar of Gozag.
  5491 | D:4      | Reached skill level 1 in Air Magic
  5491 | D:4      | Reached skill level 1 in Poison Magic
  5606 | D:4      | Reached XP level 8. HP: 41/41 MP: 12/22
  6148 | D:5      | Entered Level 5 of the Dungeon
  6148 | D:5      | Noticed Sigmund
  7008 | D:5      | Found a staircase to the Ecumenical Temple.
  7020 | Temple   | Entered the Ecumenical Temple
  7144 | Temple   | Became a worshipper of Vehumet
  7460 | D:5      | Killed Sigmund
  8245 | D:6      | Reached XP level 9. HP: 45/45 MP: 6/23
  8662 | D:6      | Reached skill level 5 in Poison Magic
  8872 | D:6      | Reached * piety under Vehumet
  8872 | D:6      | Offered knowledge of Sting by Vehumet.
  8878 | D:6      | Reached skill level 5 in Air Magic
  9325 | D:7      | Found Deciut's Magic Scroll Boutique.
  9328 | D:7      | Bought a scroll of remove curse for 30 gold pieces
  9328 | D:7      | Bought a scroll of noise for 10 gold pieces
 10276 | D:7      | Got a shadowed robe
 10287 | D:7      | Identified the +2 robe of the Comet {MR+ Int-4 Stlth+} (You found it on level 7 of the Dungeon)
 10566 | D:7      | Reached skill level 1 in Fighting
 10870 | D:8      | Noticed a two-headed ogre
 10879 | D:8      | Noticed Grum
 10886 | D:8      | Killed a two-headed ogre
 10886 | D:8      | Reached XP level 10. HP: 28/54 MP: 24/24
 11110 | D:8      | Found a shattered altar of Ashenzari.
 11132 | D:8      | Found a stormy altar of Qazlal.
 11187 | D:8      | Reached skill level 5 in Dodging
 11641 | D:8      | Found Mongoh's Armour Boutique.
 11761 | D:8      | Found a shadowy altar of Dithmenos.
 11820 | D:8      | Killed Grum
 13215 | D:9      | Reached ** piety under Vehumet
 13215 | D:9      | Offered knowledge of Flame Tongue by Vehumet.
 14405 | D:9      | Reached skill level 1 in Shields
 14823 | D:9      | Found a staircase to the Lair.
 14823 | D:9      | Noticed an elephant
 14856 | D:9      | HP: 1/57 [crocodile (13)]
 14860 | D:9      | Slain by a hippogriff

Vault maps used:
D:1:      minmay_arrival_five_plusses, doesnt_xom_only_xom
D:2:      lemuel_upstairs_altar, lemuel_crystal_altar, minmay_pentomino_z2
D:3:      uniq_crazy_yiuf_cottage
D:4:      serial_shops, shop, first_ration, nicolae_gozag_seed_capital,
          uniq_grinder
D:5:      minmay_temple_entry_statues_pillars, uniq_sigmund
D:6:      cheibrodos_barr_body, grunt_ministairs_11
D:7:      serial_shops, nicolae_shop_behind_doors
D:8:      nicolae_overflow_hidden_temple, old_standard_altar,
          cheibrodos_ashenzari_chains, serial_bayou, serial_bayou_lagoon_a,
          serial_bayou_ford_a, serial_bayou_pond_d, serial_bayou_pond_a,
          serial_shops, kennysheep_little_box, uniq_grum
D:9:      minmay_the_grid_3x3, minitemple, david_lair_generic
Temple:   regret_index_temple_waves

Skill      XL: |  1  2  3  4  5  6  7  8  9 10 |
---------------+-------------------------------+-----
Conjurations   | 2 3 4 5 7 8 |  8.3
Spellcasting   | 5 7 8 |  8.1
Fire Magic     | 1 2 3 |  3.5
Translocations | 4 |  4.2
Air Magic      | 1 4 5 |  5.8
Poison Magic   | 1 4 6 |  6.4
Dodging        | 4 7 |  7.3
Fighting       | 2 4 |  4.6
Shields        | 2 |  2.5
Stealth        | |  2.4
Summonings     | |  1.1

Action                   |  1- 3 |  4- 6 |  7- 9 | 10-12 || total
-------------------------+-------+-------+-------+-------++-------
Melee: Unarmed           |     5 |       |       |       ||     5
       Dagger            |       |     4 |    43 |    39 ||    86
 Cast: Magic Dart        |    94 |   135 |   363 |   309 ||   901
       Conjure Flame     |     1 |     3 |     3 |    11 ||    18
       Blink             |       |     5 |    15 |    15 ||    35
       Mephitic Cloud    |       |     3 |    19 |    20 ||    42
  Use: Scroll            |       |     7 |    12 |     4 ||    23
 Stab: Confused          |       |       |     5 |     1 ||     6
       Sleeping          |       |       |     2 |       ||     2
  Eat: Chunk             |     4 |     4 |    12 |     7 ||    27
       Ration            |       |     1 |     2 |     1 ||     4
Armor: Robe              |     3 |    10 |    35 |    33 ||    81
Dodge: Dodged            |     8 |    27 |    92 |   122 ||   249
Block: Other             |       |       |     3 |     6 ||     9
       Buckler           |       |       |       |    16 ||    16

Table legend:
 A = Spawn XP
 B = Non-spawn XP
 C = Spawn XP percentage of total XP
 D = Spawn monster count
 E = Non-spawn monster count
 F = Spawn count percentage of total count
 G = Total turns spent on level
                    A         B        C        D         E        F      G
               +---------+---------+-------+---------+---------+-------+---------
         Total |       0 |    9019 |   0.0 |       0 |     205 |   0.0 | 14860
               +---------+---------+-------+---------+---------+-------+---------
           D:1 |       0 |      48 |   0.0 |       0 |      19 |   0.0 |  1395
           D:2 |       0 |     126 |   0.0 |       0 |      16 |   0.0 |  1853
           D:3 |       0 |     373 |   0.0 |       0 |      33 |   0.0 |  1280
           D:4 |       0 |    1027 |   0.0 |       0 |      23 |   0.0 |  1653
           D:5 |       0 |    1132 |   0.0 |       0 |      19 |   0.0 |  1794
           D:6 |       0 |     841 |   0.0 |       0 |      23 |   0.0 |  1093
           D:7 |       0 |    1113 |   0.0 |       0 |      20 |   0.0 |  1478
           D:8 |       0 |    2129 |   0.0 |       0 |      21 |   0.0 |  2869
           D:9 |       0 |    2230 |   0.0 |       0 |      31 |   0.0 |  1294
               +---------+---------+-------+---------+---------+-------+---------
